 Dungeon Crawl Stone Soup version 0.28.0 (webtiles) character file.

Game seed: 12619863714624857958

38 hikkokomori the Shield-Bearer (level 3, -1/24 HPs)
             Began as a Gargoyle Fighter on Feb 6, 2022.
             Was a Follower of Zin.
             Slain by a gnoll (8 damage)
             ... on level 2 of the Dungeon.
             The game lasted 00:02:28 (1681 turns).

hikkokomori the Shield-Bearer (Gargoyle Fighter)    Turns: 1681, Time: 00:02:29

Health: -1/24      AC: 10    Str: 19    XL:     3   Next: 43%
Magic:  3/3        EV:  9    Int: 10    God:    Zin [*.....]
Gold:   32         SH:  4    Dex:  9    Spells: 2/2 levels left

rFire   . . .      SeeInvis .   a - +0 flail
rCold   . . .      Faith    .   c - +0 buckler
rNeg    + . .      Spirit   .   b - +0 scale mail
rPois   ∞          Reflect  .   (no helmet)
rElec   +          Harm     .   (no cloak)
rCorr   .          Rampage  .   (no gloves)
Will    .....                   (no boots)
Stlth   ..........              (no amulet)
HPRegen 0.08/turn               l - +4 ring of slaying
MPRegen 0.08/turn               (no ring)

@: no status effects
A: sickness immunity, AC +3, negative energy resistance 1, electricity
resistance, torment resistance 1, petrification resistance
a: Renounce Religion, Recite, Donate Gold


You were on level 2 of the Dungeon.
You worshipped Zin.
Zin was aware of your devotion.
You visited 1 branch of the dungeon, and saw 2 of its levels.

You collected 35 gold pieces.
You donated 3 gold pieces to Zin.

Inventory:

Hand Weapons
 a - a +0 flail (weapon)
Missiles
 g - a throwing net (quivered)
Armour
 b - a +0 scale mail (worn)
 c - a +0 buckler (worn)
Magical Staves
 i - a staff of poison
Jewellery
 l - a +4 ring of slaying (left hand)
Scrolls
 k - 2 scrolls of identify {unknown}
Potions
 d - a potion of might
 e - a potion of flight {unknown}
 f - a potion of lignification {unknown}
 h - a potion of berserk rage {unknown}
 j - a potion of curing {unknown}
 m - a potion of invisibility {unknown}


   Skills:
 + Level 3.7 Fighting
 + Level 2.5 Maces & Flails
 + Level 3.7 Armour
 + Level 3.7 Shields


You had 2 spell levels left.
You didn't know any spells.
Your spell library was empty.

Dungeon Overview and Level Annotations

Branches:
Dungeon (2/15)

Altars:
Zin


Innate Abilities, Weirdness & Mutations

You are immune to sickness and miasma.
Your stone body is resilient. (AC +3)
You are immune to poison.
You resist negative energy. (rN+)
You are resistant to electric shocks. (rElec)
You are resistant to unholy torment.
You are immune to petrification.


Message History

A rat comes into view.
A rat is nearby!
Found a club.
The rat bites you but does no damage.
You closely miss the rat. The rat bites you but does no damage.
The rat bites you.
You hit the rat.
You kill the rat!
No target in view!
You see here a +0 club.
Found a dagger.
Things that are here:
a +0 whip; an orc corpse You open the door.
A gnoll comes into view. It is wielding a +0 flail.
The gnoll shouts!
You sock the gnoll!
The gnoll is severely wounded.
A gnoll comes into view. It is wielding a +0 flail.
The gnoll barely misses you.
You barely miss the gnoll. You barely miss the gnoll.
The gnoll hits you with a +0 flail.
You hit the gnoll.
The gnoll is heavily wounded.
The gnoll hits you with a +0 flail.
A gnoll comes into view. It is wielding a +0 spear.
The gnoll hits you with a +0 flail.
The gnoll shouts!
You hit the gnoll.
The gnoll is almost dead.
The gnoll hits you with a +0 flail!
The gnoll hits you from afar with a +0 spear.
* * * LOW HITPOINT WARNING * * *
You are too injured to fight recklessly!
Unknown command.
Okay, then.
You barely miss the gnoll.
The gnoll is severely wounded.
The gnoll hits you with a +0 flail!
You die...

#.######.#.#.#.#.#
#.[## #.#.#.#.#.#
#...# #.#.#.#.#.#
#.#.# #.#.#.#.#.#
###.#.# #.#.#.#.#.#
..#.#.#
#.#.#.#.#.####
#.#÷#.#
#.#.#.#.#gg.g#
#.#.#.#
#.#.#.#.#.##.#
#.#.#.#
##.#.#.#@#.'# #
#.#.#.#
#..#.#.#.g.##
#.#.#.#
#.##.#.##..#
#.#.#.#
#.##.#.##.##
#.#.#.# #....#....#
..#.#.###.#########
#.#.#.....#
#.#.#.##### #.....#


You could see a gnoll.

Vanquished Creatures
  3 orcs (D:2)
  2 ball pythons
  4 endoplasms
  3 giant cockroaches
  2 goblins (D:1)
  3 hobgoblins
  3 bats
  A frilled lizard (D:1)
  6 kobolds
  6 rats
33 creatures vanquished.

Vanquished Creatures (others)
  A withered plant (D:1)
1 creature vanquished.

Grand Total: 34 creatures vanquished

Notes
Turn   | Place    | Note
-------+----------+-------------------------------------------
     0 | D:1      | hikkokomori the Gargoyle Fighter began the quest for the
                  | Orb.
     0 | D:1      | Reached XP level 1. HP: 14/14 MP: 1/1
   221 | D:1      | Found a faded altar of an unknown god.
   245 | D:1      | Reached XP level 2. HP: 15/19 MP: 2/2
   255 | D:1      | Prayed at the altar of an unknown god.
   255 | D:1      | Became a worshipper of Zin the Law-Giver
   255 | D:1      | Reached * piety under Zin
  1149 | D:2      | Reached XP level 3. HP: 23/23 MP: 3/3
  1681 | D:2      | Slain by a gnoll

Illustrated notes

Levels and vault maps discovered:
D:1:      dpeg_arrival_shelter, layout_rooms, ebering_ecumenical_altar_petrified
D:2:      layout_basic, serial_co_window_serial, co_window_corner_a,
          co_window_corner_a, co_window_corner_a, co_window_paths_b,
          co_window_paths_a, co_window_paths_c, co_window_paths_c,
          co_window_corner_cb, co_window_paths_c, co_window_broadway_c,
          co_window_cross_2, co_window_broadway_c, co_window_paths_d,
          co_window_4corner_b, glass_columns_a, glass_columns_a, glass_columns_b

Action                   || total
-------------------------++-------
Melee: Flail             ||   111
Armor: Scale mail        ||    59
Dodge: Dodged            ||    43
Block: Buckler           ||    24
